 Dungeon Crawl Stone Soup version 0.31.0-11-ge490571c62 (webtiles) character file.

Game seed: 17787675928932963977

103 qw the Shooter (level 4, 0/22 HPs)
             Began as a Spriggan Hunter on Feb 5, 2024.
             Slain by an orc
             ... wielding a +0 whip
              (3 damage)
             ... on level 2 of the Dungeon.
             The game lasted 00:01:01 (1129 turns).

qw the Shooter (Spriggan Hunter)                    Turns: 1129, Time: 00:01:02

Health: 0/22       AC:  2    Str:  7    XL:     4   Next: 51%
Magic:  5/5        EV: 17    Int: 10    God:
Gold:   35         SH:  0    Dex: 20    Spells: 3/3 levels left

rFire   . . .        a - +1 shortbow
rCold   . . .        (shield currently unavailable)
rNeg    . . .        c - +0 robe
rPois   .            (helmet restricted)
rElec   .            (no cloak)
rCorr   +            (gloves unavailable)
SInv    +            (boots unavailable)
Will    .....        (no amulet)
Stlth   ++           f - ring of resist corrosion
HPRegen 0.23/turn    (no ring)
MPRegen 0.09/turn

%: no passive effects
@: constricted, very quick
A: very small, no large weapons, unfitting armour, see invisible, speed 3
a: no special abilities


You were on level 2 of the Dungeon.
You visited 1 branch of the dungeon, and saw 2 of its levels.

You collected 65 gold pieces.
You spent 30 gold pieces at shops.


Innate Abilities, Weirdness & Mutations

You are very small and have problems with some larger weapons.
You are too small for most types of armour.
You have supernaturally acute eyesight. (SInv)
You cover ground extremely quickly. (Speed+++)


   Skills:
 - Level 1.5 Fighting
 - Level 5.1 Ranged Weapons
 + Level 4.9 Dodging
 - Level 1.5 Stealth


You had 3 spell levels left.
You didn't know any spells.
Your spell library was empty.

Inventory:

Hand Weapons
 a - a +1 shortbow (weapon)
Armour
 c - a +0 robe (worn)
Jewellery
 f - a ring of resist corrosion (left hand)
Potions
 e - 2 potions of curing

Dungeon Overview and Level Annotations

Branches:
Dungeon (2/15)

Altars:

Shops:
D:2 !


Message History

The stone completely misses you.
An orc comes into view. It is wielding a +0 flail.
You have reached level 4!
You shoot an arrow. The arrow hits the orc!
You kill the orc!
A ball python comes into view.
You shoot an arrow. The arrow hits the orc!
You kill the orc!
The goblin completely misses you.
You shoot an arrow. The arrow hits the goblin!
You kill the goblin!
You shoot an arrow. The arrow hits the orc.
The orc is heavily wounded.
The orc completely misses you.
A goblin comes into view. It is wielding a +0 dagger.
You shoot an arrow. The goblin shouts!
The arrow hits the orc.
You kill the orc!
The ball python completely misses you. The ball python barely misses you.
The goblin throws a stone.
The stone barely misses you. The ball python misses you.
The ball python closely misses you.
You shoot an arrow. The arrow hits the orc.
The orc is moderately wounded.
The ball python completely misses you. The ball python grabs you.
The ball python constricts you. The orc completely misses you.
You shoot an arrow.
The arrow closely misses the ball python.
The ball python bites you but does no damage.
The ball python constricts you. The orc closely misses you.
The ball python bites you. The ball python constricts you.
You shoot an arrow.
The arrow closely misses the ball python.
The orc misses you. The ball python closely misses you.
The ball python constricts you.
You shoot an arrow.
The arrow barely misses the ball python.
The ball python bites you. The ball python constricts you.
The orc hits you with a +0 whip.
You die...

......##...## ##.
......##.######..
......
#............##..
......
##.#####.###.##.#
...... ##.# #.#
#.##.##.....# ...# #.#
#.##.#....... ##.# #.#
#.##.#.....# #.# #.#
#.##.#S....# ##.### #.#
#....@og...#
.............>.##)#...#
.........#####.# .# .#
####.## #.# .# . #.# .#
#.# .# #.# .. #.# ##


You could see an orc, a goblin and a ball python.

Vanquished Creatures
  An orc priest (D:2)
  3 adders
  A dart slug (D:2)
  3 orcs (D:2)
  2 ball pythons (D:1)
  3 endoplasms
  2 giant cockroaches (D:1)
  5 hobgoblins
  7 jackals
  A quokka (D:1)
  A bat (D:2)
  5 frilled lizards
  2 goblins
  3 kobolds
  2 rats
41 creatures vanquished.

Notes
Turn   | Place    | Note
-------+----------+-------------------------------------------
     0 | D:1      | qw the Spriggan Hunter began the quest for the Orb.
     0 | D:1      | Reached XP level 1. HP: 10/10 MP: 2/2
     0 | D:1      | 0 ||| qw: Version: 0.3-a-160-g6735b56
     0 | D:1      | 0 ||| qw: Game counter: 6380
     0 | D:1      | 0 ||| qw: Melee chars always use a shield: true
     0 | D:1      | 0 ||| qw: God list: Okawaru
     0 | D:1      | 0 ||| qw: Allow faded altars: false
     0 | D:1      | 0 ||| qw: Do Orc after clearing Dungeon:15 true
     0 | D:1      | 0 ||| qw: Do second Lair branch before Depths: true
     0 | D:1      | 0 ||| qw: Lair rune preference: random
     0 | D:1      | 0 ||| qw: Goals: Normal
     0 | D:1      | 0 ||| PLANNING D:1-11
    39 | D:1      | Reached skill level 3 in Dodging
   138 | D:1      | Reached XP level 2. HP: 14/14 MP: 3/3
   693 | D:1      | 693 ||| UPGRADING to ring of resist corrosion.
   694 | D:1      | 694 ||| READING scroll labelled FOQEHO HASSORR.
   698 | D:1      | 698 ||| READING scroll labelled BIWELLE RYFINI.
   699 | D:1      | 699 ||| DRINKING 2 fizzy blue potions.
   744 | D:1      | 744 ||| DROPPING scroll of butterflies.
   745 | D:1      | 745 ||| DROPPING potion of lignification.
   754 | D:2      | Found Ijeqet's Distillery.
   757 | D:2      | 757 ||| STAIRDANCE
   763 | D:1      | Reached XP level 3. HP: 15/18 MP: 4/4
   777 | D:2      | 777 ||| BUYING potion of curing (30 gold).
   777 | D:2      | Bought a potion of curing for 30 gold pieces
   777 | D:2      | 777 ||| SHOPLISTING potion of curing (30 gold, have 23).
   777 | D:2      | 777 ||| SHOPLISTING potion of enlightenment (50 gold, have
                  | 23).
   777 | D:2      | 777 ||| SHOPLISTING potion of might (40 gold, have 23).
   839 | D:2      | 839 ||| FLEEEEING.
   840 | D:2      | 840 ||| FLEEEEING.
   851 | D:2      | 851 ||| FLEEEEING.
   931 | D:2      | Found a faded altar of an unknown god.
   932 | D:2      | 932 ||| READING scroll labelled JEJOFIOB GEPTI.
   932 | D:2      | 932 ||| ENCHANTING +0 shortbow.
   997 | D:2      | Reached skill level 5 in Ranged Weapons
  1117 | D:2      | HP: 4/18 [orc priest/divine providence (13)]
  1121 | D:2      | Reached XP level 4. HP: 5/22 MP: 5/5
  1127 | D:2      | HP: 5/22 [ball python (1)]
  1129 | D:2      | Slain by an orc

Levels and vault maps discovered:
D:1:      saegor_arrival_simple_c, layout_loops_ring, nicolae_eternal_life
D:2:      layout_loops_ring, hellmonk_ecumenical_altar_inner_sanctum,
          serial_shops, shop

Skill      XL: |  1  2  3 |
---------------+----------+-----
Dodging        | 3 4 |  4.9
Ranged Weapons | 5 |  5.1
Fighting       | |  1.5
Stealth        | |  1.5

Action                     |  1- 3 |  4- 6 || total
---------------------------+-------+-------++-------
   Fire: Shortbow          |   119 |     9 ||   128
    Use: Scroll            |     3 |       ||     3
         Potion            |     1 |       ||     1
 Armour: Robe              |    17 |     4 ||    21
  Dodge: Dodged            |    50 |    12 ||    62

Table legend:
 A = Non-vault XP
 B = Vault XP
 C = Vault XP percentage of total XP
 D = Non-vault monster count
 E = Vault monster count
 F = Vault count percentage of total count
                 A         B        C        D         E       F
            +---------+---------+-------+---------+---------+-------
      Total |     148 |       0 |   0.0 |      41 |       0 |   0.0
            +---------+---------+-------+---------+---------+-------
        D:1 |      48 |       0 |   0.0 |      22 |       0 |   0.0
        D:2 |     100 |       0 |   0.0 |      19 |       0 |   0.0
            +---------+---------+-------+---------+---------+-------
